 Dungeon Crawl Stone Soup version 0.20.1-1-g8b1a95d (webtiles) character file.

2256 Iskender the Poker (level 9, -6/51 HPs)
             Began as a Gargoyle Chaos Knight on July 11, 2017.
             Mangled by a two-headed ogre
             ... wielding a +0 giant club
              (17 damage)
             ... on level 8 of the Dungeon.
             The game lasted 00:51:42 (7895 turns).

Iskender the Poker (Gargoyle Chaos Knight)          Turns: 7895, Time: 00:51:43

Health: -6/51      AC: 16    Str: 23    XL:     9   Next: 37%
Magic:  9/12       EV: 11    Int: 12    God:    Xom [..*...]
Gold:   2304       SH:  0    Dex: 11    Spells: 4/12 levels left

rFire    . . .     SeeInvis .   a - +0 halberd
rCold    . . .     Gourm    .   (shield currently unavailable)
rNeg     + . .     Faith    .   u - +2 leather armour
rPois    ∞         Spirit   .   i - +2 helmet
rElec    +         Reflect  .   (no cloak)
rCorr    .         Harm     .   f - +0 pair of gloves
MR       +....                  k - +0 pair of boots
Stlth    +++.......             (no amulet)
Regen    0.2/turn               y - +5 ring of strength
MPRegen  0.2/turn               o - ring of stealth

@: very slightly contaminated
A: hooves 1, magic resistance 1, negative energy resistance 1, electricity
resistance, unbreathing, petrification resistance, rot immunity, AC +5
a: Renounce Religion


You were on level 8 of the Dungeon.
You worshipped Xom.
You were a toy of Xom.
You were not hungry.

You visited 2 branches of the dungeon, and saw 9 of its levels.

You collected 2304 gold pieces.

Inventory:

Hand Weapons
 a - a +0 halberd (weapon)
 b - a +0 spear
 q - a +0 quarterstaff
 t - a +0 spear of chaos
 v - a +0 hand axe
 H - a +2 hand axe of chopping
 P - a +0 dagger of venom
 T - a +0 war axe
Missiles
 e - 8 javelins (quivered)
 l - 67 stones
 p - 39 bolts
 s - 8 tomahawks
 w - 44 sling bullets
 B - 38 arrows
 O - 13 poisoned needles
Armour
 f - a +0 pair of gloves (worn)
 i - a +2 helmet (worn)
 k - a +0 pair of boots (worn)
 u - a +2 leather armour (worn)
 A - a +0 buckler
 Q - a +3 ring mail of cold resistance
Jewellery
 o - a ring of stealth (right hand)
 y - a +5 ring of strength (left hand)
 M - an uncursed ring of protection from cold {unknown}
Wands
 E - a wand of flame (26/48)
 G - a wand of iceblast (10/15)
 L - a wand of lightning (0/15)
 U - a wand of acid (7/15)
Scrolls
 h - a scroll of magic mapping
 n - a scroll of fog
 z - a scroll of fear {unknown}
 I - 3 scrolls of immolation
 J - a scroll of blinking
 R - a scroll of enchant weapon {unknown}
 W - a scroll of identify
 X - a scroll of random uselessness {unknown}
 Z - a scroll of teleportation
Potions
 d - a potion of flight {unknown}
 g - 2 potions of curing
 m - 3 potions of cancellation {unknown}
 r - a potion of heal wounds
 C - a potion of mutation {unknown}
 D - 3 potions of magic {unknown}
 K - a potion of berserk rage {unknown}
 N - 2 potions of might
 V - a potion of brilliance {unknown}
Books
 j - a book of Callings

   Spells                             Type                      Level
   a - Summon Small Mammal            Summoning                    1
   b - Call Imp                       Summoning                    2
   c - Call Canine Familiar           Summoning                    3
   d - Summon Guardian Golem          Hexes/Summoning              3
   e - Summon Lightning Spire         Summoning/Air                4
   f - Summon Ice Beast               Ice/Summoning                4
 F - a book of Flames

   Spells                             Type                      Level
   a - Flame Tongue                   Conjuration/Fire             1
   b - Throw Flame                    Conjuration/Fire             2
   c - Conjure Flame                  Conjuration/Fire             3
   d - Inner Flame                    Hexes/Fire                   3
   e - Sticky Flame                   Conjuration/Fire             4
   f - Fireball                       Conjuration/Fire             5
Comestibles
 c - 5 bread rations
 x - 5 meat rations
 S - a fruit
 Y - 7 chunks of flesh


   Skills:
 - Level 3.2 Fighting
 - Level 2.1 Short Blades
 + Level 7.4 Polearms
 - Level 4.2 Throwing
 - Level 2.1 Armour
 - Level 0.7 Dodging
 - Level 5.0 Stealth
 - Level 2.0 Spellcasting
 - Level 3.1 Conjurations
 - Level 3.3 Summonings
 - Level 2.5 Fire Magic


You had 4 spell levels left.
You knew the following spells:

 Your Spells              Type           Power        Failure   Level  Hunger
a - Call Imp              Summ           #.......     12%         2    ###....
d - Conjure Flame         Conj/Fire      #.......     28%         3    ####...
i - Call Canine Familiar  Summ           #.......     22%         3    ####...


Dungeon Overview and Level Annotations

Branches:
Dungeon (8/15)             Temple (1/1) D:4
   Lair: D:8-11

Altars:
Ashenzari
Cheibriados
Dithmenos
Elyvilon
Fedhas
Gozag
Hepliaklqana
Kikubaaqudgha
Makhleb
Nemelex Xobeh
Okawaru
Qazlal
Ru
Sif Muna
Trog
Uskayaw
Vehumet
Xom
Yredelemnul
Zin
The Shining One

Annotations:
D:6 exclusion: killer bee
D:7 parnic4's ghost, novice OgBe


Innate Abilities, Weirdness & Mutations

You are resistant to torment.
Your stone body is resilient. (AC +5)
You are immune to poison.
You resist negative energy. (rN+)
You are resistant to electric shocks. (rElec)
You can survive without breathing.
You are immune to petrification.
You are immune to rotting.
You have large cloven feet.
You are resistant to hostile enchantments. (MR+)


Message History

The two-headed ogre closely misses you.
You hit the two-headed ogre but do no damage.
The two-headed ogre is severely wounded.
The two-headed ogre hits you with a giant club!
The two-headed ogre hits you with a giant spiked club!
Xom grants you insight.
You detect creatures!
Things that are here:
a spear; an animal skin
There is a stone staircase leading up here.
Casting: Conjure Flame
Confirm with . or Enter, or press ? or * to list all spells.
You miscast Call Canine Familiar.
You are very lightly contaminated with residual magic.
A fistful of eyes flickers past your view.
The two-headed ogre hits you with a giant club!
* * * LOW HITPOINT WARNING * * *
The two-headed ogre hits you with a giant spiked club!
You die...
Xom guffaws!

.....#<...<....#
..........[.....#
....###.........#
.. #.........#
#.........#
#.....)...#
##.###.#### #.#
#O# 5 #.# #@# S
#. #.# #.# #.#
[.# .## . ..


You could see a two-headed ogre.

Vanquished Creatures
  A fire bat (D:6)
  Grum (D:8)
  A sky beast (D:6)
  2 orc warriors (D:7)
  An ogre (D:7)
  A necrophage (D:7)
  A scorpion (D:4)
  2 phantoms
  A wolf (D:7)
  A big kobold (D:7)
  3 howler monkeys
  3 crimson imps
  A bullfrog skeleton (D:5)
  2 hounds
  3 orc priests (D:7)
  2 iguanas
  A jelly (D:5)
  3 orc wizards
  Natasha (twice) (D:4)
  4 worker ants (D:6)
  A worker ant zombie (D:7)
  A howler monkey skeleton (D:6)
  7 adders
  6 gnolls
  A shadow imp (D:7)
  2 adder skeletons
  An adder zombie (D:7)
  4 worms
  2 dart slugs
  4 leopard geckos
  22 orcs
  2 ball pythons
  9 giant cockroaches
  6 goblins
  3 hobgoblins (D:2)
  8 jackals
  2 quokkas
  A ball python zombie (D:5)
  3 bats
  3 frilled lizards
  9 kobolds
  A leopard gecko skeleton (D:6)
  A leopard gecko zombie (D:6)
  A quokka skeleton (D:4)
  9 rats
145 creatures vanquished.

Vanquished Creatures (collateral kills)
  An orc warrior (D:7)
  A wolf (D:8)
  A bullfrog (D:7)
  A crimson imp (D:7)
  A bullfrog zombie (D:4)
  Natasha (D:4)
  A worker ant (D:7)
  5 orcs
  A ball python (D:6)
  3 kobolds (D:7)
16 creatures vanquished.

Vanquished Creatures (others)
  A hound skeleton (D:6)
  A ball lightning (Temple)
2 creatures vanquished.

Grand Total: 163 creatures vanquished

Notes
Turn   | Place    | Note
-------+----------+-------------------------------------------
     0 | D:1      | Iskender the Gargoyle Chaos Knight began the quest for the Orb.
     0 | D:1      | Reached XP level 1. HP: 14/14 MP: 1/1
   152 | D:1      | Reached skill level 1 in Stealth
   168 | D:1      | XOM: harmless Fire miscast
   196 | D:1      | XOM: scenery: create altars
   625 | D:2      | Reached XP level 2. HP: 19/19 MP: 2/2
   729 | D:2      | Reached XP level 3. HP: 17/23 MP: 3/3
  1103 | D:2      | XOM: smoke on damage
  1289 | D:2      | Reached XP level 4. HP: 22/28 MP: 4/4
  1834 | D:3      | XOM: give mutation
  1834 | D:3      | Gained mutation: You have large cloven feet. [Xom's grace]
  1863 | D:3      | Reached skill level 5 in Stealth
  1912 | D:3      | XOM: give mutations
  1912 | D:3      | Gained mutation: You are resistant to hostile enchantments. (MR+) [Xom's grace]
  1912 | D:3      | Gained mutation: You are highly resistant to hostile enchantments. (MR++) [Xom's grace]
  1954 | D:3      | XOM: enchant monster (good)
  2156 | D:3      | XOM: smoke on damage
  2161 | D:3      | Reached XP level 5. HP: 31/32 MP: 5/5
  2164 | D:3      | Reached skill level 3 in Polearms
  2346 | D:3      | XOM: god gift: 1940 gold pieces
  2358 | D:3      | XOM: noise
  2437 | D:4      | XOM: 3-stop teleportation journey
  2481 | D:4      | Noticed a phantom
  2483 | D:4      | XOM: blink monster(s)
  2485 | D:4      | XOM: summons 3 hostile shadow creatures
  2786 | D:4      | XOM: 2-stop teleportation journey
  2852 | D:4      | Found a white marble altar of Elyvilon.
  2967 | D:4      | Found a staircase to the Ecumenical Temple.
  2978 | Temple   | Entered the Ecumenical Temple
  3063 | Temple   | XOM: severe Air miscast
  3122 | D:4      | XOM: mild Hex miscast
  3149 | D:4      | Reached skill level 1 in Short Blades
  3414 | D:4      | XOM: 2-stop teleportation journey
  3467 | D:4      | XOM: enchant monster (good)
  3485 | D:4      | Noticed Natasha
  3487 | D:4      | Reached skill level 1 in Throwing
  3495 | D:4      | Killed Natasha
  3495 | D:4      | Reached XP level 6. HP: 15/37 MP: 6/6
  3513 | D:4      | XOM: 1-stop teleportation journey
  3515 | D:4      | XOM: summons friendly iron imp
  3520 | D:4      | XOM: harmless Necr miscast
  3569 | D:4      | Killed a phantom
  3586 | D:4      | XOM: harmless Fire miscast
  3836 | D:5      | Entered Level 5 of the Dungeon
  4145 | D:4      | Noticed Natasha
  4148 | D:4      | Killed Natasha
  4148 | D:4      | Reached XP level 7. HP: 41/41 MP: 7/7
  4212 | D:4      | Noticed Natasha
  4219 | D:4      | Killed Natasha
  4244 | D:4      | XOM: 2-stop teleportation journey
  4316 | D:4      | XOM: give mutation
  4316 | D:4      | Lost mutation: You are highly resistant to hostile enchantments. (MR++) [Xom's mischief]
  4639 | D:5      | XOM: stat loss: -1 Int (11/12)
  5011 | D:6      | Noticed Prince Ribbit
  5011 | D:6      | Found a glowing golden altar of the Shining One.
  5011 | D:6      | Found a sacrificial altar of Ru.
  5011 | D:6      | Found an opulent altar of Gozag.
  5011 | D:6      | XOM: 6-stop teleportation journey
  5024 | D:6      | Reached skill level 4 in Polearms
  5096 | D:6      | XOM: medium Ice miscast
  5314 | D:6      | XOM: summons 3 hostile demons
  5315 | D:6      | Noticed a chaos spawn
  5315 | D:6      | Noticed a hellwing
  5318 | D:6      | XOM: divine lightning
  5321 | D:6      | XOM: cast spell 'Necromutation'
  5396 | D:5      | XOM: god gift: book of Callings
  5420 | D:5      | XOM: god gift: 15 gold pieces
  5484 | D:5      | XOM: cloud trail
  5563 | D:6      | Learned a level 2 spell: Call Imp
  5749 | D:6      | XOM: harmless Hex miscast
  5793 | D:6      | Reached XP level 8. HP: 35/46 MP: 8/8
  5810 | D:6      | XOM: harmless Ice miscast
  5841 | D:6      | XOM: cleaving
  5843 | D:6      | Noticed Prince Ribbit
  5843 | D:6      | Prince Ribbit changed into Prince Ribbit the fire bat
  5843 | D:6      | XOM: polymorph Prince Ribbit -> Prince Ribbit the fire bat
  5851 | D:6      | Killed Prince Ribbit the fire bat
  5856 | D:6      | Learned a level 3 spell: Call Canine Familiar
  5963 | D:6      | Found a bloodstained altar of Trog.
  5972 | D:6      | XOM is BORED!
  5972 | D:6      | XOM: mild Tmut miscast
  6078 | D:7      | Noticed parnic4's ghost (novice OgBe)
  6087 | D:7      | XOM: enchant monster (good)
  6116 | D:6      | Learned a level 3 spell: Conjure Flame
  6119 | D:6      | Reached skill level 1 in Spellcasting
  6138 | D:7      | XOM: severe Fire miscast
  6397 | D:7      | XOM: summons friendly chaos spawn
  6402 | D:7      | Reached skill level 1 in Conjurations
  6458 | D:7      | Reached skill level 1 in Fire Magic
  6467 | D:7      | XOM: divination: detect items
  6561 | D:7      | XOM: cleaving
  6566 | D:7      | XOM: summons friendly crimson imp
  6578 | D:6      | XOM: fog
  6784 | D:7      | XOM: 2-stop teleportation journey
  6880 | D:7      | XOM: god gift: 43 gold pieces
  6891 | D:7      | Reached skill level 5 in Polearms
  6921 | D:7      | XOM: snakes to sticks
  7005 | D:7      | XOM: summons 8 friendly demons
  7038 | D:7      | Reached skill level 6 in Polearms
  7038 | D:7      | Reached XP level 9. HP: 44/51 MP: 5/10
  7101 | D:7      | XOM: scenery: create altars
  7471 | D:7      | XOM: god gift: scroll labeled DAGOGU GIOXKOIB {god gift}
  7613 | D:8      | Noticed Grum
  7614 | D:8      | XOM: mild Tmut miscast
  7618 | D:8      | XOM: mild Tmut miscast
  7622 | D:8      | Noticed a two-headed ogre
  7673 | D:7      | XOM: mild Air miscast
  7836 | D:8      | XOM: summons friendly iron imp
  7840 | D:8      | Reached skill level 7 in Polearms
  7848 | D:8      | XOM: smoke on damage
  7852 | D:8      | Killed Grum
  7889 | D:8      | XOM: divination: detect creatures
  7895 | D:8      | Mangled by a two-headed ogre

Skill      XL: |  1  2  3  4  5  6  7  8  9 |
---------------+----------------------------+-----
Stealth        | 2 3 4 5 |  5.0
Polearms       | 3 4 6 7 |  7.4
Short Blades   | 2 |  2.1
Throwing       | 1 3 4 |  4.2
Summonings     | 2 3 |  3.3
Spellcasting   | 1 2 |  2.0
Conjurations   | 3 |  3.1
Fire Magic     | 2 |  2.5
Fighting       | |  3.2
Armour         | |  2.1
Dodging        | |  0.7

Action                   |  1- 3 |  4- 6 |  7- 9 || total
-------------------------+-------+-------+-------++-------
Melee: Spear             |   108 |   108 |   203 ||   419
       Halberd           |       |     2 |   185 ||   187
       Short sword       |       |   180 |    36 ||   216
Throw: Stone             |     2 |    11 |       ||    13
       Javelin           |       |    19 |    19 ||    38
       Tomahawk          |       |       |    14 ||    14
 Cast: Conjure Flame     |       |       |     7 ||     7
       Call Imp          |       |       |     4 ||     4
       Call Canine Famil |       |       |     4 ||     4
Evoke: Wand              |       |       |     3 ||     3
  Use: Scroll            |     1 |     7 |     5 ||    13
       Potion            |     2 |     2 |     1 ||     5
 Stab: Paralysed         |     4 |       |       ||     4
       Sleeping          |     3 |     8 |     8 ||    19
       Distracted        |     1 |       |     1 ||     2
  Eat: Chunk             |     1 |     7 |     8 ||    16
       Royal jelly       |       |     1 |       ||     1
       Fruit             |       |       |     4 ||     4
       Bread ration      |       |       |     1 ||     1
Armor: Leather armour    |    35 |   161 |   170 ||   366
Dodge: Dodged            |    49 |   158 |   194 ||   401
